SNL (28 & UNDER)
BEAUMONT ROUGHNECKS @ MONTGOMERY BISCUITS
04/21/2027
 
TOP OF THE 1ST
Beaumont Roughnecks batting - Pitching for Montgomery Biscuits : RHP Gabriel Oliuo
Pitching: RHP Gabriel Oliuo
Batting: LHB Tony Rivera 0-0: Called Strike
0-1: Swinging Strike
0-2: Foul Ball, location: 2F
0-2: Strikes out swinging, 2-3 out at first.
Batting: RHB Jeff Mason 0-0: Ball
1-0: Called Strike
1-1: Swinging Strike
1-2: Strikes out looking
Batting: RHB Miguel Costa 0-0: Ball
1-0: Called Strike
1-1: Ball
2-1: Ball
3-1: Base on Balls
Batting: LHB Cam Flowers 0-0: Swinging Strike
0-1: Ball
Miguel Costa steals 2nd base
1-1: Ball
2-1: Ball
3-1: Swinging Strike
3-2: Strikes out swinging
Top of the 1st over - 0 run(s), 0 hit(s), 0 error(s), 1 left on base; Beaumont 0 - Montgomery 0
BOTTOM OF THE 1ST
Montgomery Biscuits batting - Pitching for Beaumont Roughnecks : RHP Cliff Long
Pitching: RHP Cliff Long
Batting: LHB Brian MacIntosh 0-0: SINGLE (Groundball, 34) (infield hit)
Batting: RHB José Carlos Caraballo 0-0: Ground out 5-3 (Groundball, 56S)
Brian MacIntosh to second
Batting: SHB Marvin López 0-0: SINGLE (Groundball, 4MD)
Brian MacIntosh to third
Batting: LHB Curt Causton 0-0: Ball
1-0: Foul Ball, location: 2F
1-1: Fielders Choice at 2nd, 3-6 (Groundball, 3)
Brian MacIntosh scores
Batting: LHB Alberto Santos 0-0: Foul Ball, location: 2F
0-1: Foul Ball, location: 2F
0-2: Ball
1-2: Ball
2-2: Fly out, F9 (Flyball, 89S)
Bottom of the 1st over - 1 run(s), 2 hit(s), 0 error(s), 1 left on base; Beaumont 0 - Montgomery 1
TOP OF THE 2ND
Beaumont Roughnecks batting - Pitching for Montgomery Biscuits : RHP Gabriel Oliuo
Batting: RHB Benjamin Lawson 0-0: Called Strike
0-1: Ball
1-1: SINGLE (Line Drive, 34D)
Batting: SHB Keith Gratton 0-0: Swinging Strike
0-1: Ball
1-1: Ball
2-1: Swinging Strike
2-2: Foul Ball, location: 2F
2-2: Strikes out swinging
Batting: RHB Franklin Lawrence 0-0: Grounds into double play, 5-4-3 (Groundball, 56)
Top of the 2nd over - 0 run(s), 1 hit(s), 0 error(s), 0 left on base; Beaumont 0 - Montgomery 1
BOTTOM OF THE 2ND
Montgomery Biscuits batting - Pitching for Beaumont Roughnecks : RHP Cliff Long
Batting: RHB Dave Williams 0-0: Ground out 6-3 (Groundball, 6)
Batting: RHB Reinaldo Amarante 0-0: Called Strike
0-1: Ground out 4-3 (Groundball, 4)
Batting: RHB Glen MacDonald 0-0: SOLO HOME RUN (Flyball, 7D), Distance : 361 ft
Batting: RHB Bob McDonald 0-0: Ball
1-0: Foul Ball, location: 2F
1-1: Foul Ball, location: 2F
1-2: Ball
2-2: Strikes out swinging
Bottom of the 2nd over - 1 run(s), 1 hit(s), 0 error(s), 0 left on base; Beaumont 0 - Montgomery 2
TOP OF THE 3RD
Beaumont Roughnecks batting - Pitching for Montgomery Biscuits : RHP Gabriel Oliuo
Batting: RHB Albert Alemán 0-0: Ball
1-0: Ball
2-0: Called Strike
2-1: Foul Ball, location: 2F
2-2: Ball
3-2: Base on Balls
Batting: RHB Darwin Crane 0-0: Called Strike
0-1: Ball
1-1: Swinging Strike
1-2: Ball
2-2: Foul Ball, location: 2F
2-2: Strikes out swinging
Batting: LHB Tony Rivera 0-0: Ball
1-0: Ball
2-0: Swinging Strike
2-1: Called Strike
2-2: Ball
3-2: Foul Ball, location: 2F
3-2: Foul Ball, location: 2F
3-2: Base on Balls
Albert Alemán to second
Batting: RHB Jeff Mason 0-0: Ball
1-0: Swinging Strike
1-1: Ball
2-1: Ball
3-1: Base on Balls
Albert Alemán to third
Tony Rivera to second
Batting: RHB Miguel Costa 0-0: Ball
1-0: Foul Ball, location: 2F
1-1: Foul Ball, location: 2F
1-2: Foul Ball, location: 2F
1-2: Ball
2-2: Foul Ball, location: 2F
2-2: Fielders Choice at 2nd, 6-4 (Groundball, 6)
Albert Alemán scores
Tony Rivera to third
Batting: LHB Cam Flowers 0-0: Ball
1-0: Foul Ball, location: 2F
1-1: Fly out, F3 (Line Drive, 3)
Top of the 3rd over - 1 run(s), 0 hit(s), 0 error(s), 2 left on base; Beaumont 1 - Montgomery 2
BOTTOM OF THE 3RD
Montgomery Biscuits batting - Pitching for Beaumont Roughnecks : RHP Cliff Long
Batting: LHB Brian MacIntosh 0-0: Called Strike
0-1: Ball
1-1: Foul Ball, location: 2F
1-2: Ball
2-2: Strikes out looking
Batting: RHB José Carlos Caraballo 0-0: Called Strike
0-1: Reached on error, E3 (Groundball, 3)
Batting: SHB Marvin López 0-0: Foul Ball, location: 2F
0-1: Called Strike
0-2: Foul Ball, location: 2F
0-2: Foul Ball, location: 2F
0-2: Strikes out looking
Batting: LHB Curt Causton 0-0: Called Strike
0-1: Ball
1-1: Ball
2-1: Swinging Strike
2-2: Strikes out looking
Bottom of the 3rd over - 0 run(s), 0 hit(s), 1 error(s), 1 left on base; Beaumont 1 - Montgomery 2
TOP OF THE 4TH
Beaumont Roughnecks batting - Pitching for Montgomery Biscuits : RHP Gabriel Oliuo
Batting: RHB Benjamin Lawson 0-0: Called Strike
0-1: Swinging Strike
0-2: Strikes out looking
Batting: SHB Keith Gratton 0-0: Fly out, F9 (Flyball, 89M)
Batting: RHB Franklin Lawrence 0-0: SINGLE (Line Drive, 89S)
Batting: RHB Albert Alemán 0-0: Called Strike
0-1: Ball
1-1: Ball
2-1: Ball
3-1: Called Strike
3-2: Foul Ball, location: 2F
3-2: SINGLE (Groundball, 56D)
Franklin Lawrence to second
Franklin Lawrence to third
Batting: RHB Darwin Crane 0-0: Ball
1-0: Ball
2-0: Swinging Strike
2-1: Fielders Choice at 2nd, 4-6 (Groundball, 34)
Top of the 4th over - 0 run(s), 2 hit(s), 0 error(s), 1 left on base; Beaumont 1 - Montgomery 2
BOTTOM OF THE 4TH
Montgomery Biscuits batting - Pitching for Beaumont Roughnecks : RHP Cliff Long
Batting: LHB Alberto Santos 0-0: Ball
1-0: Foul Ball, location: 2F
1-1: Ball
2-1: Foul Ball, location: 2F
2-2: Strikes out swinging
Batting: RHB Dave Williams 0-0: Hit by Pitch
Batting: RHB Reinaldo Amarante 0-0: Ball
1-0: Ball
2-0: Reached on error, E1 (Groundball, 15S)
Dave Williams to second
Batting: RHB Glen MacDonald 0-0: Swinging Strike
0-1: Swinging Strike
0-2: Foul Ball, location: 2F
0-2: Strikes out looking
Batting: RHB Bob McDonald 0-0: Called Strike
0-1: Ball
1-1: Called Strike
1-2: 3-RUN HOME RUN (Flyball, 7D), Distance : 365 ft
Batting: LHB Brian MacIntosh 0-0: Ball
1-0: Foul Ball, location: 2F
1-1: SINGLE (Line Drive, 4MD)
Batting: RHB José Carlos Caraballo 0-0: Called Strike
0-1: Ball
1-1: Ball
2-1: Foul Ball, location: 2F
2-2: Fly out, F9 (Flyball, 9)
Bottom of the 4th over - 3 run(s), 2 hit(s), 1 error(s), 1 left on base; Beaumont 1 - Montgomery 5
TOP OF THE 5TH
Beaumont Roughnecks batting - Pitching for Montgomery Biscuits : RHP Gabriel Oliuo
Batting: LHB Tony Rivera 0-0: Ball
1-0: Called Strike
1-1: Ball
2-1: Ball
3-1: Base on Balls
Batting: RHB Jeff Mason 0-0: Fly out, F9 (Flyball, 89S)
Batting: RHB Miguel Costa 0-0: Ball
1-0: SINGLE (Flyball, 9LS)
Tony Rivera to second
Runner from 2nd tries for 3rd, SAFE, throw made to third
Batting: LHB Cam Flowers 0-0: Called Strike
0-1: Called Strike
Miguel Costa steals 2nd base
0-2: Ball
1-2: Foul Ball, location: 2F
1-2: Ground out 4-3 (Groundball, 4)
Tony Rivera scores
Miguel Costa to third
Batting: RHB Benjamin Lawson 0-0: Ball
1-0: Swinging Strike
1-1: Foul Ball, location: 2F
1-2: Foul Ball, location: 2F
1-2: Ball
2-2: Foul Ball, location: 2F
2-2: Strikes out looking
Top of the 5th over - 1 run(s), 1 hit(s), 0 error(s), 1 left on base; Beaumont 2 - Montgomery 5
BOTTOM OF THE 5TH
Montgomery Biscuits batting - Pitching for Beaumont Roughnecks : RHP Cliff Long
Batting: SHB Marvin López 0-0: Called Strike
0-1: Ball
1-1: Swinging Strike
1-2: Ball
2-2: Strikes out swinging
Batting: LHB Curt Causton 0-0: SINGLE (Line Drive, 4M)
Batting: LHB Alberto Santos 0-0: Ball
1-0: Called Strike
1-1: Called Strike
1-2: SINGLE (Line Drive, 34D)
Curt Causton to second
Batting: RHB Dave Williams 0-0: Hit by Pitch
Curt Causton to third
Alberto Santos to second
Batting: RHB Reinaldo Amarante 0-0: Fly out, F5 (Line Drive, 5L)
Batting: RHB Glen MacDonald 0-0: Ball
1-0: Called Strike
1-1: Ball
2-1: Fielders Choice at 2nd, 6-4 (Groundball, 6)
Bottom of the 5th over - 0 run(s), 2 hit(s), 0 error(s), 2 left on base; Beaumont 2 - Montgomery 5
TOP OF THE 6TH
Beaumont Roughnecks batting - Pitching for Montgomery Biscuits : RHP Gabriel Oliuo
Pitching: LHP Tony García
Batting: SHB Keith Gratton 0-0: Ball
1-0: Foul Ball, location: 2F
1-1: Swinging Strike
1-2: Ball
2-2: Strikes out swinging
Batting: RHB Franklin Lawrence 0-0: Ball
1-0: Ground out 4-3 (Groundball, 4)
Batting: RHB Albert Alemán 0-0: Ball
1-0: Foul Ball, location: 2F
1-1: DOUBLE (Flyball, 78D)
Batting: RHB Darwin Crane 0-0: Fly out, F7 (Flyball, 7)
Top of the 6th over - 0 run(s), 1 hit(s), 0 error(s), 1 left on base; Beaumont 2 - Montgomery 5
BOTTOM OF THE 6TH
Montgomery Biscuits batting - Pitching for Beaumont Roughnecks : RHP Cliff Long
Batting: RHB Bob McDonald 0-0: Ball
1-0: Ball
2-0: Foul Ball, location: 2F
2-1: Foul Ball, location: 2F
2-2: Strikes out swinging
Batting: LHB Brian MacIntosh 0-0: Ball
1-0: SINGLE (Groundball, 3S) (infield hit)
Pitching: RHP Jesús Ortíz
Batting: RHB José Carlos Caraballo 0-0: Ball
1-0: Ball
2-0: Fly out, F7 (Flyball, 78S)
Batting: SHB Marvin López 0-0: Called Strike
0-1: Ball
1-1: Swinging Strike
1-2: Strikes out swinging
Bottom of the 6th over - 0 run(s), 1 hit(s), 0 error(s), 1 left on base; Beaumont 2 - Montgomery 5
TOP OF THE 7TH
Beaumont Roughnecks batting - Pitching for Montgomery Biscuits : LHP Tony García
Batting: LHB Tony Rivera 0-0: Called Strike
0-1: Ball
1-1: Swinging Strike
1-2: Foul Ball, location: 2F
1-2: Strikes out looking
Batting: RHB Jeff Mason 0-0: Ball
1-0: Ball
2-0: Ball
3-0: Base on Balls
Batting: RHB Miguel Costa 0-0: Ball
Jeff Mason steals 2nd base
1-0: Called Strike
1-1: Ball
2-1: Ball
3-1: Foul Ball, location: 2F
3-2: Base on Balls
Batting: LHB Cam Flowers 0-0: Ball
1-0: Ball
2-0: Ball
3-0: Called Strike
3-1: Base on Balls
Jeff Mason to third
Miguel Costa to second
Batting: RHB Benjamin Lawson 0-0: Fly out, F8 (Flyball, 8RS)
Batting: SHB Keith Gratton 0-0: Ball
1-0: Swinging Strike
1-1: Called Strike
1-2: Strikes out looking
Top of the 7th over - 0 run(s), 0 hit(s), 0 error(s), 3 left on base; Beaumont 2 - Montgomery 5
BOTTOM OF THE 7TH
Montgomery Biscuits batting - Pitching for Beaumont Roughnecks : RHP Jesús Ortíz
Batting: LHB Curt Causton 0-0: Ball
1-0: Foul Ball, location: 2F
1-1: Ball
2-1: Foul Ball, location: 2F
2-2: DOUBLE (Flyball, 8LD)
Batting: LHB Alberto Santos 0-0: Swinging Strike
0-1: Ball
1-1: Reached on error, E3 (Groundball, 34)
Curt Causton to third
Batting: RHB Dave Williams 0-0: Called Strike
0-1: Ball
Alberto Santos steals 2nd base
1-1: Foul Ball, location: 2F
1-2: Ball
2-2: Strikes out looking
Batting: RHB Reinaldo Amarante 0-0: Fly out, F8 (Flyball, 8RM)
Runner from 3rd tags up, SCORES, throw made
Pitching: RHP Dave Hammond
Batting: RHB Glen MacDonald 0-0: Ball
1-0: Swinging Strike
1-1: Fly out, F6 (Popup, 56)
Bottom of the 7th over - 1 run(s), 1 hit(s), 1 error(s), 1 left on base; Beaumont 2 - Montgomery 6
TOP OF THE 8TH
Beaumont Roughnecks batting - Pitching for Montgomery Biscuits : LHP Tony García
Batting: RHB Franklin Lawrence 0-0: Ball
1-0: Foul Ball, location: 2F
1-1: Ball
2-1: SOLO HOME RUN (Line Drive, 78XD), Distance : 412 ft
Batting: RHB Albert Alemán 0-0: Called Strike
0-1: Ball
1-1: Ball
2-1: Fly out, F4 (Flyball, 34D)
Batting: RHB Darwin Crane 0-0: SINGLE (Groundball, 34D)
Batting: LHB Tony Rivera 0-0: Ball
1-0: Ball
2-0: Swinging Strike
2-1: Ground out 4-3 (Groundball, 34D)
Darwin Crane to second
Pitching: RHP Jorge Gonzáles
Batting: RHB Jeff Mason 0-0: Called Strike
0-1: Ball
1-1: Foul Ball, location: 2F
1-2: Foul Ball, location: 2F
1-2: SINGLE (Flyball, 4MD)
Darwin Crane to third
Runner from 3rd tries for Home, SAFE, no throw
Pitching: RHP Steven Browne
Batting: RHB Miguel Costa 0-0: Foul Ball, location: 2F
0-1: Called Strike
0-2: Strikes out swinging
Top of the 8th over - 2 run(s), 3 hit(s), 0 error(s), 1 left on base; Beaumont 4 - Montgomery 6
BOTTOM OF THE 8TH
Montgomery Biscuits batting - Pitching for Beaumont Roughnecks : RHP Dave Hammond
Batting: RHB Bob McDonald 0-0: Ball
1-0: Ball
2-0: Fly out, F2 (Popup, 13)
Batting: LHB Brian MacIntosh 0-0: Fly out, F9 (Line Drive, 9D)
Batting: RHB José Carlos Caraballo 0-0: Called Strike
0-1: Called Strike
0-2: Strikes out looking
Bottom of the 8th over - 0 run(s), 0 hit(s), 0 error(s), 0 left on base; Beaumont 4 - Montgomery 6
TOP OF THE 9TH
Beaumont Roughnecks batting - Pitching for Montgomery Biscuits : RHP Steven Browne
Pitching: RHP Félix Andrade
Batting: LHB Cam Flowers 0-0: Fly out, F9 (Line Drive, 89M)
Batting: RHB Benjamin Lawson 0-0: Called Strike
0-1: Ball
1-1: Swinging Strike
1-2: DOUBLE (Line Drive, 7LM)
Batting: SHB Keith Gratton 0-0: Ball
1-0: Ball
2-0: Foul Ball, location: 2F
2-1: DOUBLE (Line Drive, 7LM)
Benjamin Lawson scores
Batting: RHB Franklin Lawrence 0-0: Ball
1-0: Ball
2-0: Called Strike
2-1: Foul Ball, location: 2F
2-2: Ball
3-2: Strikes out looking
Batting: RHB Albert Alemán 0-0: Ball
1-0: Foul Ball, location: 2F
1-1: Called Strike
1-2: Ball
2-2: Strikes out swinging
Top of the 9th over - 1 run(s), 2 hit(s), 0 error(s), 1 left on base; Beaumont 5 - Montgomery 6
Thursday, March 30th, 2017 - OOTP Baseball 17.12 Build 75